 Dungeon Crawl Stone Soup version 0.27-a0-972-gd1521fd518 (webtiles) character file.

Game seed: 7471089951606880994

646 Alarkh the Insei (level 7, -8/52 HPs)
             Began as a Demonspawn Transmuter on Apr 13, 2021.
             Mangled by Duvessa
             ... wielding a +0 short sword
              (10 damage)
             ... on level 4 of the Dungeon.
             The game lasted 00:06:09 (3686 turns).

Alarkh the Insei (Demonspawn Transmuter)            Turns: 3686, Time: 00:06:10

Health: -8/52      AC:  2    Str: 10    XL:     7   Next: 27%
Magic:  11/12      EV: 12    Int: 17    God:
Gold:   176        SH:  0    Dex: 13    Spells: 7/13 levels left

rFire    . . .     SeeInvis .     - Unarmed
rCold    . . .     Faith    +   (no shield)
rNeg     . . .     Spirit   .   a - +0 robe
rPois    .         Reflect  .   (helmet currently unavailable)
rElec    .         Harm     .   (no cloak)
rCorr    .         Rampage  .   (no gloves)
Will     .....                  (boots currently unavailable)
Stlth    +.........             i - amulet of faith
HPRegen  0.17/turn              (no ring)
MPRegen  0.13/turn              (no ring)

@: appendages (expiring)
A: horns 2, talons 2, spiny 3
a: End Transformation


You were on level 4 of the Dungeon.
You had temporarily grown beastly horns and talons.
You visited 1 branch of the dungeon, and saw 4 of its levels.

You collected 176 gold pieces.

Inventory:

Missiles
 b - 23 poisoned darts
Armour
 a - a +0 robe (worn)
 o - a +0 pair of boots (melded)
Jewellery
 i - an amulet of faith (around neck)
Scrolls
 d - a scroll of noise {unknown}
 e - a scroll of enchant armour {unknown}
 h - a scroll of holy word {unknown}
 j - 2 scrolls of teleportation {unknown}
 k - a scroll of vulnerability {unknown}
 l - a scroll of summoning {unknown}
 r - 2 scrolls of identify
Potions
 g - a potion of mutation
 m - a potion of attraction


   Skills:
 + Level 3.4 Fighting
 - Level 1.7 Dodging
 * Level 5.3 Unarmed Combat
 + Level 3.7 Spellcasting
 + Level 3.6 Transmutations


You had 7 spell levels left.
You knew the following spells:

 Your Spells              Type           Power      Damage    Failure   Level
a - Beastly Appendage     Tmut           30%        N/A       3%          1
b - Wereblood             Tmut           15%        N/A       5%          2
c - Spider Form           Tmut/Pois      4%         N/A       22%         3

Your spell library contained the following spells:

 Spells                   Type           Power      Damage    Failure   Level
 Animate Skeleton         Necr           6%         N/A       16%         1
 Apportation              Tloc           6%         N/A       16%         1
 Corona                   Hex            3%         N/A       16%         1
 Magic Dart               Conj           12%        1d3       16%         1
 Summon Small Mammal      Summ           12%        N/A       16%         1
 Blink                    Tloc           N/A        N/A       24%         2
 Call Imp                 Summ           3%         N/A       24%         2
 Searing Ray              Conj           6%         3d3       24%         2
 Slow                     Hex            3%         N/A       24%         2
 Conjure Flame            Conj/Fire      3%         6-21      43%         3
 Dazzling Flash           Conj/Hex       6%         N/A       43%         3
 Mephitic Cloud           Conj/Pois/Air  3%         N/A       43%         3
 Ice Form                 Ice/Tmut       9%         N/A       58%         4
 Hydra Form               Tmut           7%         N/A       69%         5
 Fulminant Prism          Conj/Hex       1%         3d6       85%         4
 Iskenderun's Mystic Bla  Conj/Tloc      3%         2d3       85%         4


Dungeon Overview and Level Annotations

Branches:
Dungeon (4/15)
 Temple: D:4-7

Altars:
Gozag
Nemelex Xobeh
Ru

Shops:
D:4 **

Annotations:
D:4 Dowan, Duvessa


Innate Abilities, Weirdness & Mutations

You have temporarily grown beastly horns and talons.
You are completely covered in sharp spines.


Message History

Unknown command.
You barely miss Duvessa. Your kick misses Duvessa.
Duvessa is moderately wounded.
Dowan gestures wildly while chanting.
Dowan blinks!
Duvessa closely misses you.
It was a potion of cancellation.
Your magical effects are unravelling.
You feel magically purged.
Your horns disappear.
Your talons disappear.
Your +0 pair of boots unmelds from your body.
Duvessa hits you with a +0 short sword! Dowan is struck by your spines.
Dowan hits you with a +0 dagger. Duvessa hits you with a +0 short sword.
Really quaff the potion of attraction?
Okay, then.
It was a potion of curing.
You feel better. Dowan hits you with a +0 dagger.
Duvessa is struck by your spines. Duvessa closely misses you.
Casting: Beastly Appendage (safe; 3% risk of failure)
Confirm with . or Enter, or press ? or * to list all spells.
You grow a pair of large bovine horns.
Your feet morph into talons.
Your +0 pair of boots melds into your body.
Duvessa is struck by your spines. Duvessa hits you with a +0 short sword!
* * * LOW HITPOINT WARNING * * *
Dowan casts a spell.
Dowan blinks!
Duvessa hits you with a +0 short sword.
* * * LOW HITPOINT WARNING * * *
Unknown command.
Your transformation is almost over.
Duvessa says, "Where magic fails, the sword succeeds!"
Duvessa completely misses you.
You see here a scroll labelled ERENNA RUFUAGU.
You hit Duvessa.
Duvessa is severely wounded.
Dowan gestures wildly while chanting.
Dowan blinks!
Duvessa misses you.
You hit Duvessa.
Duvessa is severely wounded.
Duvessa hits you with a +0 short sword!
* * * LOW HITPOINT WARNING * * *
Duvessa hits you with a +0 short sword!
You die...

# #..# ##.. #.#..#
#(..# #### .####.#..#
#...# .... .........###
#...## ####
.....e)....# #....##
.###.###.#.# ##.....##
##...#S.#.###.....).###
#
#.....e###......)...<.#
# #.......@#
#.#...).###.# ..
.........# ##.#.#..#
#.# #
.........###.##)##.#
#.#
##...ยง..###.###[##.#
#.# ##...#..#.####.##.#
#.# #
#.............##.# #<#
. .............####.#
#.# #
....###.####......# #.#
# #. #....### #.#


You could see Duvessa (fast) and an adder.

Vanquished Creatures
  Grinder (D:3)
  Sigmund (D:4)
  An ogre (D:4)
  A bullfrog (D:2)
  A bullfrog skeleton (D:4)
  4 adders
  2 worms
  2 dart slugs (D:2)
  8 orcs
  2 ball pythons
  8 bats
  7 endoplasms
  A giant cockroach (D:2)
  7 goblins
  7 hobgoblins
  A jackal (D:2)
  3 kobolds
  3 quokkas
  6 frilled lizards
  4 rats
70 creatures vanquished.

Notes
Turn   | Place    | Note
-------+----------+-------------------------------------------
     0 | D:1      | Alarkh the Demonspawn Transmuter began the quest for the
                  | Orb.
     0 | D:1      | Reached XP level 1. HP: 15/15 MP: 3/3
   404 | D:1      | Gained mutation: You are partially covered in sharp spines.
                  | [demonic ancestry]
   404 | D:1      | Reached XP level 2. HP: 19/21 MP: 3/5
   471 | D:1      | Reached skill level 3 in Unarmed Combat
  1048 | D:2      | Found a sacrificial altar of Ru.
  1098 | D:2      | Gained mutation: You are mostly covered in sharp spines.
                  | [demonic ancestry]
  1098 | D:2      | Reached XP level 3. HP: 18/26 MP: 4/6
  1667 | D:2      | Learned a level 2 spell: Wereblood
  1671 | D:2      | Learned a level 3 spell: Spider Form
  1907 | D:2      | Noticed a bullfrog
  1915 | D:2      | Killed a bullfrog
  1916 | D:2      | Gained mutation: You are completely covered in sharp
                  | spines. [demonic ancestry]
  1916 | D:2      | Reached XP level 4. HP: 21/33 MP: 5/8
  2475 | D:3      | Reached XP level 5. HP: 33/38 MP: 7/9
  2525 | D:3      | Found a sparkling altar of Nemelex Xobeh.
  2570 | D:3      | Noticed Grinder
  2583 | D:3      | Killed Grinder
  2584 | D:3      | Reached skill level 4 in Unarmed Combat
  2584 | D:3      | Reached XP level 6. HP: 12/46 MP: 10/10
  3189 | D:4      | Found an opulent altar of Gozag.
  3189 | D:4      | Found Gozag's Platinum Reserve.
  3288 | D:4      | Noticed Sigmund
  3293 | D:4      | Killed Sigmund
  3294 | D:4      | Reached skill level 5 in Unarmed Combat
  3294 | D:4      | Reached XP level 7. HP: 49/52 MP: 10/12
  3549 | D:4      | Found Cilicy's Assorted Antiques.
  3671 | D:4      | Noticed Dowan
  3672 | D:4      | Noticed Duvessa
  3686 | D:4      | HP: 2/52 [Duvessa/+0 short sword (9)]
  3686 | D:4      | Mangled by Duvessa

Illustrated notes

Levels and vault maps discovered:
D:1:      dpeg_arrival_triangle_fractal, layout_loops_corners,
          minmay_strange_pillars, minmay_misc_feat_secret_circle,
          bh_walls_and_bars
D:2:      layout_basic, basic_altar, minmay_tree_intersection,
          minmay_tetromino_o4
D:3:      layout_basic, nemelex_dance_club_becter, uniq_grinder
D:4:      layout_loops_ring, nicolae_gozag_zags_fifth_avenue, serial_shops,
          shop, item_on_display_a, uniq_sigmund, uniq_duvessa

Skill      XL: |  1  2  3  4  5  6 |
---------------+-------------------+-----
Transmutations | 2 3 |  3.6
Unarmed Combat | 3 4 5 |  5.3
Fighting       | 2 3 |  3.4
Spellcasting   | 3 |  3.7
Dodging        | |  1.7

Action                   |  1- 3 |  4- 6 |  7- 9 || total
-------------------------+-------+-------+-------++-------
Melee: Unarmed           |    59 |    42 |     8 ||   109
       Kick              |    15 |     9 |     2 ||    26
       Headbutt          |     9 |     4 |       ||    13
 Cast: Beastly Appendage |    28 |    19 |     3 ||    50
  Use: Potion            |       |     1 |     3 ||     4
       Scroll            |       |       |     2 ||     2
 Stab: Sleeping          |     1 |     3 |       ||     4
Armor: Robe              |     6 |     3 |       ||     9
Dodge: Dodged            |    29 |    14 |     7 ||    50

Table legend: (Time is in decaauts)
 A = Elapsed time spent in this place.
 B = Non-inter-level travel time spent in this place.
 C = Inter-level travel time spent in this place.
 D = Time resting spent in this place.
 E = Time spent auto-exploring this place.
 F = Levels seen in this place.
 G = Mean time per level.
                   A        B        C        D        E       F      G
               +--------+--------+--------+--------+--------+-----+--------+
         Total |   3678 |   3619 |     59 |    115 |   3103 |   4 |  919.5 |
       Dungeon |   3678 |   3619 |     59 |    115 |   3103 |   4 |  919.5 |
               +--------+--------+--------+--------+--------+-----+--------+

Top non-repeatable levels by time:
     D:1: 1166 daAuts
     D:2: 1056 daAuts
     D:3: 884 daAuts
     D:4: 571 daAuts
